Workbook
Name BaseSalary: Setup!$C$48:$C$50
Name BenefitPlan: Setup!$C$67:$C$76
Name Bonus: Setup!$G$55:$G$57
Name Classification: Setup!$O$24:$O$43
Name Commission: Setup!$G$46:$G$47
Name CompanyName: Setup!$E$8
Name CompanyProperty: Setup!$E$67:$E$81
Name Department: Setup!$C$24:$C$43
Name Disciplines: Setup!$G$86:$G$100
Name Employee1: 'Employee (1)'!$A$1
Name EmployeeWS: 'Employee List'!$A$1
Name LeaveNames: Setup!$E$86:$E$100
Name OtherCategory: Setup!$C$86:$C$100
Name PaidLeave: Setup!$E$86:$E$100
Name PayFrek: Setup!$G$55:$G$59
Name Position: Setup!$E$24:$E$43
Name Salaried: Setup!$G$48
Name SalGrade: Setup!$G$24:$G$43
Name StartYear: Setup!$E$5
Name THPFrek: Setup!$G$48:$G$52
Name Title: Setup!$K$24:$K$43
Name UnpaidLeave: Setup!$G$63:$G$63
Name Workhour: Setup!$C$48:$C$50

Sheet Setup
B2: SETUP
C5: Starting Database Year | E5: 2016 | L5: CLICK BELOW FOR MORE PREMIUM VERSION INFORMATION
L6: https://journalsheet.com/product/js500hr-%e2%97%89-employee-database-manager
B7: COMPANY INFORMATION
C8: Name | E8: Neat Heat
C9: Address
C11: City
C12: State
C13: Country
C14: ZIP Code
C15: Phone
C16: Fax
C17: Website
C18: Email
C19: Tax ID
B21: EMPLOYEE POSITION CATEGORY
B22: DEPARTMENT | D22: POSITION | F22: SALARY GRADE
B23: NO | C23: NAME | D23: NO | E23: NAME | F23: NO | G23: NAME | H23: RANGE
B24: 1 | C24: Sales | D24: 1 | E24: Director | F24: 1 | G24: Level 15
B25: 2 | C25: Marketing | D25: 2 | E25: Vice President | F25: 2 | G25: Level 14
B26: 3 | C26: Warehouse | D26: 3 | E26: Senior Manager | F26: 3 | G26: Level 13
B27: 4 | C27: Office | D27: 4 | E27: Manager | F27: 4 | G27: Level 12
B28: 5 | C28: Treasury | D28: 5 | E28: Junior Manager | F28: 5 | G28: Level 11
B29: 6 | C29: Budget | D29: 6 | E29: Specialist | F29: 6 | G29: Level 10
B30: 7 | C30: General Affair | D30: 7 | E30: Staff | F30: 7 | G30: Level 9
B31: 8 | C31: Human Resources | D31: 8 | E31: Clerk | F31: 8 | G31: Level 8
B32: 9 | C32: Secretary | D32: 9 | F32: 9 | G32: Level 7
B33: 10 | C33: Operation | D33: 10 | F33: 10 | G33: Level 6
B34: 11 | D34: 11 | F34: 11 | G34: Level 5
B35: 12 | D35: 12 | F35: 12 | G35: Level 4
B36: 13 | D36: 13 | F36: 13 | G36: Level 3
B37: 14 | D37: 14 | F37: 14 | G37: Level 2
B38: 15 | D38: 15 | F38: 15 | G38: Level 1
B39: 16 | D39: 16 | F39: 16
B40: 17 | D40: 17 | F40: 17
B41: 18 | D41: 18 | F41: 18
B42: 19 | D42: 19 | F42: 19
B43: 20 | D43: 20 | F43: 20
B45: EMPLOYEE TAKE HOME PAY
B46: EARNING CATEGORY | D46: DEDUCTION CATEGORY | F46: BASE SALARY CATEGORY
B47: NO | C47: NAME | D47: NO | E47: NAME | F47: NO | G47: NAME
B48: 1 | C48: Regular - Salaried | D48: 1 | E48: Federal Income Tax | F48: 1 | G48: Salaried
B49: 2 | C49: Regular - Hourly | D49: 2 | E49: Social Security Tax | F49: 2 | G49: Hourly
B50: 3 | C50: Overtime | D50: 3 | E50: Medicare Tax | F50: 3 | G50: Other 1
B51: 4 | C51: Holiday | D51: 4 | E51: State Tax W/H | F51: 4 | G51: Other 2
B52: 5 | C52: Vacation | D52: 5 | E52: Other Deduction 1 | F52: 5 | G52: Other 3
B53: 6 | C53: Bonus | D53: 6 | E53: Other Deduction 2 | F53: PAYMENT FREQUENCY
B54: 7 | C54: Commission | D54: 7 | E54: Other Deduction 3 | F54: NO | G54: NAME
B55: 8 | C55: Other 1 | D55: 8 | F55: 1 | G55: Monthly
B56: 9 | C56: Other 2 | D56: 9 | F56: 2 | G56: Weekly
B57: 10 | C57: Other 3 | D57: 10 | F57: 3 | G57: One Time
B58: 11 | C58: Other 4 | D58: 11 | F58: 4 | G58: Biweekly
B59: 12 | C59: Other 5 | D59: 12 | F59: 5 | G59: Daily
B60: 13 | C60: Other 6 | D60: 13
B61: 14 | C61: Other 7 | D61: 14
B62: 15 | C62: Other 8 | D62: 15
B64: EMPLOYEE BENEFITS
B65: BENEFIT | D65: COMPANY PROPERTY
B66: NO | C66: NAME | D66: NO | E66: NAME
B67: 1 | C67: Life Insurance | D67: 1 | E67: Laptop
B68: 2 | C68: Health Insurance | D68: 2 | E68: Vehicle
B69: 3 | C69: Club Membership | D69: 3 | E69: Credit Card
B70: 4 | C70: Health Care | D70: 4 | E70: Mobile Phone
B71: 5 | C71: Pension Plans | D71: 5 | E71: Mobile Phone Number
B72: 6 | C72: Shares | D72: 6 | E72: Uniform
B73: 7 | C73: Other 2 | D73: 7 | E73: Other 1
B74: 8 | C74: Other 3 | D74: 8 | E74: Other 2
B75: 9 | C75: Other 4 | D75: 9 | E75: Other 3
B76: 10 | C76: Other 5 | D76: 10 | E76: Other 4
B77: 11 | C77: Other 6 | D77: 11 | E77: Other 5
B78: 12 | C78: Other 7 | D78: 12 | E78: Other 6
... B81: 15 | C81: Other 10 | D81: 15 | E81: Other 9
B83: EMPLOYEE APPRAISAL & ATTENDANCE
B84: PERFORMANCE CATEGORY | D84: LEAVE CATEGORY | F84: DISCIPLINES
B85: NO | C85: NAME | D85: NO | E85: NAME | F85: NO | G85: NAME
B86: 1 | C86: Quality of Work | D86: 1 | E86: Vacation/Annual Leave | F86: 1 | G86: Tardiness
B87: 2 | C87: Initiative | D87: 2 | E87: Casual Leave | F87: 2 | G87: Insubordination
B88: 3 | C88: Productivity | D88: 3 | E88: Sick Leave | F88: 3 | G88: Indebtedness
B89: 4 | C89: Creativity | D89: 4 | E89: Maternity Leave | F89: 4 | G89: Absenteeism
B90: 5 | C90: Integrity | D90: 5 | E90: Marriage Leave | F90: 5 | G90: Other 1
B91: 6 | C91: Technical Skills | D91: 6 | E91: Bereavement Leave | F91: 6 | G91: Other 2
B92: 7 | C92: Managerial Skills | D92: 7 | E92: Paternity Leave | F92: 7 | G92: Other 3
B93: 8 | C93: Leadership | D93: 8 | E93: Military Duty | F93: 8 | G93: Other 4
B94: 9 | C94: Punctuality | D94: 9 | E94: Community Service Leave | F94: 9 | G94: Other 5
B95: 10 | C95: Attendance | D95: 10 | E95: Self-Quarantine Leave | F95: 10 | G95: Other 6
B96: 11 | C96: Team Work | D96: 11 | E96: Jury Duty Leave | F96: 11 | G96: Other 7
B97: 12 | C97: Autonomous Work | D97: 12 | E97: Time-Off | F97: 12 | G97: Other 8
... B100: 15 | C100: Appraisal 15 | D100: 15 | E100: Absenteeism | F100: 15 | G100: Other 11
B102: © 2021 | journalSHEET.com

Sheet Employee (1)
B2: EMPLOYEE DATABASE | J2: EMPLOYEE LIST MENU | N2: DO NOT INSERT/DELETE ROWS/COLUMNS & CUT/PASTE CELLS | R2: RECORD DATA UP TO 10 YEARS IN PREMIUM VERSION
B5: EMPLOYEE DATA ENTRY | N5: YOU CAN COPY/PASTE BUT PASTE IT AS VALUES
O6: Contain formula. DO NOT write | R6: CLICK BELOW FOR MORE PREMIUM VERSION INFORMATION
B7: 1 | C7: Record No | D7: 1 | O7: Contain dropdown list. Select item from list | R7: https://journalsheet.com/product/js500hr-%e2%97%89-employee-database-manager
B8: 2 | C8: Employee ID | D8: E00001 | O8: Cells to fill
B10: PERSONAL INFORMATION | H10: JOB INFORMATION | N10: WORK SUMMARY
C12: Application Document | I12: Offering Document
B14: A | C14: PERSONAL DETAILS | H14: A | I14: JOB DETAILS | N14: A | O14: JOB PROGRESS | P14: =StartYear -> 2016 | U14: =P14+1 -> 2017
B16: 1 | C16: Name | H16: 1 | I16: Join Date | J16: 42375 | O16: Effective Date - Start | P16: 42375 | U16: 42802
C17: First Name | D17: John | H17: 2 | I17: Resign Date | O17: Paperwork
C18: Middle Name | D18: Middle | H18: 3 | I18: Department | J18: Budget | O18: Department | P18: Marketing | U18: Marketing
C19: Last Name | D19: Doe | H19: 4 | I19: Title/Position | J19: Senior Manager | O19: Title/Position | P19: Senior Manager | U19: Senior Manager
B20: 2 | C20: Nickname | D20: John Travo | H20: 5 | I20: Salary Grade | J20: Level 12 | O20: Salary Grade | P20: Level 12 | U20: Level 13
B21: 3 | C21: Gender | D21: Male | H21: 6 | I21: Take Home Pay | J21: Salaried | O21: Take Home Pay | P21: Salaried | U21: Salaried
B22: 4 | C22: Place and Date of Birth | H22: 7 | I22: Payment Frequency | J22: Monthly | O22: Payment Frequency | P22: Monthly | U22: Monthly
C23: Date | D23: 29090 | H23: 8 | I23: Classification | J23: Exempt | O23: Classification | P23: Exempt | U23: Exempt
C24: Place | D24: Miami
B25: 5 | C25: Marital Status | D25: Married | H25: B | I25: BASE GROSS PAY DETAILS | N25: B | O25: BASE GROSS PAY | P25: =StartYear -> 2016 | U25: =P25+1 -> 2017
B26: 6 | C26: Dependents | P26: Base Amount | Q26: Start Date | R26: End Date | S26: Category | T26: Notes | U26: =P26 -> Base Amount | V26: =Q26 -> Start Date | W26: =R26 -> End Date | X26: =S26 -> Category | Y26: =T26 -> Notes
C27: Spouse | D27: Jane Travo | H27: 1 | I27: =IF(Setup!C48<>"",Setup!C48,"") -> Regular - Salaried | J27: 5000 | O27: =IF(I27<>"",I27,"") -> Regular - Salaried | P27: 5000 | Q27: 42375 | S27: Salaried | U27: 6500 | V27: 42802 | X27: Salaried
C28: Children 1 | D28: Travo Jr 1 | H28: 2 | I28: =IF(Setup!C49<>"",Setup!C49,"") -> Regular - Hourly | O28: =IF(I28<>"",I28,"") -> Regular - Hourly
C29: Children 2 | D29: Travo Jr 2 | H29: 3 | I29: =IF(Setup!C50<>"",Setup!C50,"") -> Overtime | O29: =IF(I29<>"",I29,"") -> Overtime
C30: Children 3 | D30: Travo Jr 3 | H30: 4 | I30: =IF(Setup!C51<>"",Setup!C51,"") -> Holiday | O30: =IF(I30<>"",I30,"") -> Holiday
C31: Children 4 | D31: Travo Jr 4 | H31: 5 | I31: =IF(Setup!C52<>"",Setup!C52,"") -> Vacation | O31: =IF(I31<>"",I31,"") -> Vacation
B32: 7 | C32: ID Number | H32: 6 | I32: =IF(Setup!C53<>"",Setup!C53,"") -> Bonus | O32: =IF(I32<>"",I32,"") -> Bonus
C33: Passport | D33: Pass123 | H33: 7 | I33: =IF(Setup!C54<>"",Setup!C54,"") -> Commission | O33: =IF(I33<>"",I33,"") -> Commission
C34: SSN | D34: SSN123 | H34: 8 | I34: =IF(Setup!C55<>"",Setup!C55,"") -> Other 1 | O34: =IF(I34<>"",I34,"") -> Other 1
C35: Driver License | D35: Driver123 | H35: 9 | I35: =IF(Setup!C56<>"",Setup!C56,"") -> Other 2 | O35: =IF(I35<>"",I35,"") -> Other 2
C36: Other License | D36: Other123 | H36: 10 | I36: =IF(Setup!C57<>"",Setup!C57,"") -> Other 3 | O36: =IF(I36<>"",I36,"") -> Other 3
B37: 8 | C37: Saving Account | H37: 11 | I37: =IF(Setup!C58<>"",Setup!C58,"") -> Other 4 | O37: =IF(I37<>"",I37,"") -> Other 4
C38: Name | D38: John Travo | H38: 12 | I38: =IF(Setup!C59<>"",Setup!C59,"") -> Other 5 | O38: =IF(I38<>"",I38,"") -> Other 5
C39: Bank | D39: Central America | H39: 13 | I39: =IF(Setup!C60<>"",Setup!C60,"") -> Other 6 | O39: =IF(I39<>"",I39,"") -> Other 6
C40: Bank Code | D40: 889 | H40: 14 | I40: =IF(Setup!C61<>"",Setup!C61,"") -> Other 7 | O40: =IF(I40<>"",I40,"") -> Other 7
C41: Account # | D41: 94945859944 | H41: 15 | I41: =IF(Setup!C62<>"",Setup!C62,"") -> Other 8 | O41: =IF(I41<>"",I41,"") -> Other 8
B42: 9 | C42: Taxes
C43: Taxes 1 | D43: TAX666 | H43: C | I43: BASE DEDUCTION DETAILS | N43: C | O43: BASE DEDUCTION | P43: =StartYear -> 2016 | U43: =P43+1 -> 2017
C44: Taxes 2 | D44: Tax777 | P44: Amount | Q44: Start Date | R44: End Date | S44: Category | T44: Notes | U44: =P44 -> Amount | V44: =Q44 -> Start Date | W44: =R44 -> End Date | X44: =S44 -> Category | Y44: =T44 -> Notes
C45: Taxes 3 | D45: Tax888 | H45: 1 | I45: =IF(Setup!E48<>"",Setup!E48,"") -> Federal Income Tax | J45: 0.1 | O45: =IF(I45<>"",I45,"") -> Federal Income Tax | P45: 0.1 | U45: 0.1
H46: 2 | I46: =IF(Setup!E49<>"",Setup!E49,"") -> Social Security Tax | J46: 0.062 | O46: =IF(I46<>"",I46,"") -> Social Security Tax | P46: 0.062 | U46: 0.062
B47: B | C47: CONTACT DETAILS | H47: 3 | I47: =IF(Setup!E50<>"",Setup!E50,"") -> Medicare Tax | J47: 0.029 | O47: =IF(I47<>"",I47,"") -> Medicare Tax | P47: 0.029 | U47: 0.029
H48: 4 | I48: =IF(Setup!E51<>"",Setup!E51,"") -> State Tax W/H | J48: 0.04 | O48: =IF(I48<>"",I48,"") -> State Tax W/H | P48: 0.04 | U48: 0.04
B49: 1 | C49: Address | H49: 5 | I49: =IF(Setup!E52<>"",Setup!E52,"") -> Other Deduction 1 | O49: =IF(I49<>"",I49,"") -> Other Deduction 1
C50: Street | D50: 123 Main street | H50: 6 | I50: =IF(Setup!E53<>"",Setup!E53,"") -> Other Deduction 2 | O50: =IF(I50<>"",I50,"") -> Other Deduction 2
C51: City | D51: New York | H51: 7 | I51: =IF(Setup!E54<>"",Setup!E54,"") -> Other Deduction 3 | O51: =IF(I51<>"",I51,"") -> Other Deduction 3
C52: State | D52: Long Beach | H52: 8 | I52: =IF(Setup!E55<>"",Setup!E55,"") | O52: =IF(I52<>"",I52,"")
C53: Zip Code | D53: 11561 | H53: 9 | I53: =IF(Setup!E56<>"",Setup!E56,"") | O53: =IF(I53<>"",I53,"")
B54: 2 | C54: Phone | H54: 10 | I54: =IF(Setup!E57<>"",Setup!E57,"") | O54: =IF(I54<>"",I54,"")
C55: Home | D55: 233456666 | H55: 11 | I55: =IF(Setup!E58<>"",Setup!E58,"") | O55: =IF(I55<>"",I55,"")
C56: Mobile 1 | D56: 5164317878 | H56: 12 | I56: =IF(Setup!E59<>"",Setup!E59,"") | O56: =IF(I56<>"",I56,"")
C57: Mobile 2 | D57: 768999999 | H57: 13 | I57: =IF(Setup!E60<>"",Setup!E60,"") | O57: =IF(I57<>"",I57,"")
B58: 3 | C58: Email | H58: 14 | I58: =IF(Setup!E61<>"",Setup!E61,"") | O58: =IF(I58<>"",I58,"")
C59: Personal | D59: johndoe@gemail.com | H59: 15 | I59: =IF(Setup!E62<>"",Setup!E62,"") | O59: =IF(I59<>"",I59,"")
C60: Work | D60: johndoe@prevcom.com
B61: 4 | C61: Social Media | H61: D | I61: BASE LEAVES DETAILS | N61: D | O61: LEAVES | P61: =StartYear -> 2016 | U61: =P61+1 -> 2017
C62: Facebook | D62: johndoe | P62: Allocated | Q62: Taken | R62: Taken Date | S62: Paperwork | T62: Notes | U62: =P62 -> Allocated | V62: =Q62 -> Taken | W62: =R62 -> Taken Date | X62: =S62 -> Paperwork | Y62: =T62 -> Notes
C63: Instagram | D63: john_doe | H63: 1 | I63: =IF(Setup!E86<>"",Setup!E86,"") -> Vacation/Annual Leave | O63: =IF(I63<>"",I63,"") -> Vacation/Annual Leave | P63: 12 | Q63: 6 | R63: Mar 1-4, Apr 5-6
C64: Twitter | D64: johndoe77 | H64: 2 | I64: =IF(Setup!E87<>"",Setup!E87,"") -> Casual Leave | O64: =IF(I64<>"",I64,"") -> Casual Leave | P64: 0
H65: 3 | I65: =IF(Setup!E88<>"",Setup!E88,"") -> Sick Leave | O65: =IF(I65<>"",I65,"") -> Sick Leave | P65: 12
B66: C | C66: EMERGENCY CONTACT DETAILS | H66: 4 | I66: =IF(Setup!E89<>"",Setup!E89,"") -> Maternity Leave | O66: =IF(I66<>"",I66,"") -> Maternity Leave | P66: 0
H67: 5 | I67: =IF(Setup!E90<>"",Setup!E90,"") -> Marriage Leave | O67: =IF(I67<>"",I67,"") -> Marriage Leave | P67: 0
B68: 1 | C68: Full Name | D68: Elizabeth Olzen | H68: 6 | I68: =IF(Setup!E91<>"",Setup!E91,"") -> Bereavement Leave | O68: =IF(I68<>"",I68,"") -> Bereavement Leave | P68: 6
B69: 2 | C69: Relation | D69: Mother | H69: 7 | I69: =IF(Setup!E92<>"",Setup!E92,"") -> Paternity Leave | O69: =IF(I69<>"",I69,"") -> Paternity Leave | P69: 0
B70: 3 | C70: Address | H70: 8 | I70: =IF(Setup!E93<>"",Setup!E93,"") -> Military Duty | O70: =IF(I70<>"",I70,"") -> Military Duty | P70: 0
C71: Street | D71: 123 East 4th street | H71: 9 | I71: =IF(Setup!E94<>"",Setup!E94,"") -> Community Service Leave | O71: =IF(I71<>"",I71,"") -> Community Service Leave | P71: 0
C72: City | D72: NY | H72: 10 | I72: =IF(Setup!E95<>"",Setup!E95,"") -> Self-Quarantine Leave | O72: =IF(I72<>"",I72,"") -> Self-Quarantine Leave | P72: 14
C73: State | D73: New York | H73: 11 | I73: =IF(Setup!E96<>"",Setup!E96,"") -> Jury Duty Leave | O73: =IF(I73<>"",I73,"") -> Jury Duty Leave | P73: 0
C74: Zip Code | D74: 10001 | H74: 12 | I74: =IF(Setup!E97<>"",Setup!E97,"") -> Time-Off | O74: =IF(I74<>"",I74,"") -> Time-Off | P74: 6
B75: 4 | C75: Phone | H75: 13 | I75: =IF(Setup!E98<>"",Setup!E98,"") -> Other 1 | O75: =IF(I75<>"",I75,"") -> Other 1 | P75: 0
C76: Home | D76: 888888 | H76: 14 | I76: =IF(Setup!E99<>"",Setup!E99,"") -> Other 2 | O76: =IF(I76<>"",I76,"") -> Other 2 | P76: 0
C77: Mobile 1 | D77: 999999 | H77: 15 | I77: =IF(Setup!E100<>"",Setup!E100,"") -> Absenteeism | O77: =IF(I77<>"",I77,"") -> Absenteeism | P77: 0
C78: Mobile 2 | D78: 777777
B79: 5 | C79: Email | H79: E | I79: BASE DISCIPLINE DETAILS | N79: E | O79: DISCIPLINE | P79: =StartYear -> 2016 | U79: =P79+1 -> 2017
C80: Personal | D80: eliz@yahuuuu.com | P80: Tolerated | Q80: Violation | R80: Letter Date | S80: Paperwork | T80: Notes | U80: =P80 -> Tolerated | V80: =Q80 -> Violation | W80: =R80 -> Letter Date | X80: =S80 -> Paperwork | Y80: =T80 -> Notes
C81: Work | H81: 1 | I81: =IF(Setup!G86<>"",Setup!G86,"") -> Tardiness | O81: =IF(I81<>"",I81,"") -> Tardiness | P81: 0 | Q81: 20 | R81: Mar 6, Apr 9
H82: 2 | I82: =IF(Setup!G87<>"",Setup!G87,"") -> Insubordination | O82: =IF(I82<>"",I82,"") -> Insubordination | P82: 0 | Q82: 5
B83: D | C83: EDUCATION | H83: 3 | I83: =IF(Setup!G88<>"",Setup!G88,"") -> Indebtedness | O83: =IF(I83<>"",I83,"") -> Indebtedness | P83: 0 | Q83: 0
H84: 4 | I84: =IF(Setup!G89<>"",Setup!G89,"") -> Absenteeism | O84: =IF(I84<>"",I84,"") -> Absenteeism | P84: 0 | Q84: 6
B85: 1 | C85: Junior High School | D85: Miami School | H85: 5 | I85: =IF(Setup!G90<>"",Setup!G90,"") -> Other 1 | O85: =IF(I85<>"",I85,"") -> Other 1
C86: Year | D86: 1991-1994 | H86: 6 | I86: =IF(Setup!G91<>"",Setup!G91,"") -> Other 2 | O86: =IF(I86<>"",I86,"") -> Other 2
B87: 2 | C87: Senior High School | D87: Miami SHS | H87: 7 | I87: =IF(Setup!G92<>"",Setup!G92,"") -> Other 3 | O87: =IF(I87<>"",I87,"") -> Other 3
C88: Major | D88: Physics | H88: 8 | I88: =IF(Setup!G93<>"",Setup!G93,"") -> Other 4 | O88: =IF(I88<>"",I88,"") -> Other 4
C89: Year | D89: 1994-1997 | H89: 9 | I89: =IF(Setup!G94<>"",Setup!G94,"") -> Other 5 | O89: =IF(I89<>"",I89,"") -> Other 5
C90: Degree Category | D90: Diploma | H90: 10 | I90: =IF(Setup!G95<>"",Setup!G95,"") -> Other 6 | O90: =IF(I90<>"",I90,"") -> Other 6
B91: 3 | C91: University | D91: University of Colorado | H91: 11 | I91: =IF(Setup!G96<>"",Setup!G96,"") -> Other 7 | O91: =IF(I91<>"",I91,"") -> Other 7
C92: Major | D92: Machine Engineering | H92: 12 | I92: =IF(Setup!G97<>"",Setup!G97,"") -> Other 8 | O92: =IF(I92<>"",I92,"") -> Other 8
C93: Year | D93: 1997 | H93: 13 | I93: =IF(Setup!G98<>"",Setup!G98,"") -> Other 9 | O93: =IF(I93<>"",I93,"") -> Other 9
C94: Degree Category | D94: Bachelor | H94: 14 | I94: =IF(Setup!G99<>"",Setup!G99,"") -> Other 10 | O94: =IF(I94<>"",I94,"") -> Other 10
C95: Degree | D95: Bachelor of Engineering | H95: 15 | I95: =IF(Setup!G100<>"",Setup!G100,"") -> Other 11 | O95: =IF(I95<>"",I95,"") -> Other 11
B96: 4 | C96: University | D96: University of LA
C97: Major | D97: Business | H97: F | I97: COMPANY PROPERTIES DETAILS | N97: F | O97: COMPANY PROPERTIES | P97: =StartYear -> 2016 | U97: =P97+1 -> 2017
C98: Year | D98: 2001 | P98: Date Given | Q98: Date Returned | R98: Inventory ID | S98: Value | T98: Notes | U98: =P98 -> Date Given | V98: =Q98 -> Date Returned | W98: =R98 -> Inventory ID | X98: =S98 -> Value | Y98: =T98 -> Notes
C99: Degree Category | D99: Master | H99: 1 | I99: =IF(Setup!E67<>"",Setup!E67,"") -> Laptop | O99: =IF(I99<>"",I99,"") -> Laptop | P99: 42384
C100: Degree | D100: MBA | H100: 2 | I100: =IF(Setup!E68<>"",Setup!E68,"") -> Vehicle | O100: =IF(I100<>"",I100,"") -> Vehicle | P100: 42405
B101: 5 | C101: University | H101: 3 | I101: =IF(Setup!E69<>"",Setup!E69,"") -> Credit Card | O101: =IF(I101<>"",I101,"") -> Credit Card
C102: Major | H102: 4 | I102: =IF(Setup!E70<>"",Setup!E70,"") -> Mobile Phone | O102: =IF(I102<>"",I102,"") -> Mobile Phone
C103: Year | H103: 5 | I103: =IF(Setup!E71<>"",Setup!E71,"") -> Mobile Phone Number | O103: =IF(I103<>"",I103,"") -> Mobile Phone Number
C104: Degree Category | H104: 6 | I104: =IF(Setup!E72<>"",Setup!E72,"") -> Uniform | O104: =IF(I104<>"",I104,"") -> Uniform
C105: Degree | H105: 7 | I105: =IF(Setup!E73<>"",Setup!E73,"") -> Other 1 | O105: =IF(I105<>"",I105,"") -> Other 1
H106: 8 | I106: =IF(Setup!E74<>"",Setup!E74,"") -> Other 2 | O106: =IF(I106<>"",I106,"") -> Other 2
B107: E | C107: WORK EXPERIENCES | H107: 9 | I107: =IF(Setup!E75<>"",Setup!E75,"") -> Other 3 | O107: =IF(I107<>"",I107,"") -> Other 3
...

Sheet Employee List
B2: EMPLOYEE LIST (VISUAL VIEW ONLY)
P4: CLICK BELOW FOR MORE PREMIUM VERSION INFORMATION
P5: https://journalsheet.com/product/js500hr-%e2%97%89-employee-database-manager

Sheet Individual Employee Summary
B2: INDIVIDUAL EMPLOYEE SUMMARY (VISUAL VIEW ONLY)
T5: CLICK BELOW FOR MORE PREMIUM VERSION INFORMATION
T6: https://journalsheet.com/product/js500hr-%e2%97%89-employee-database-manager

Sheet Company Summary
B2: COMPANY EMPLOYEE SUMMARY (VISUAL VIEW ONLY)
O5: CLICK BELOW FOR MORE PREMIUM VERSION INFORMATION
O6: https://journalsheet.com/product/js500hr-%e2%97%89-employee-database-manager

Sheet Dashboard
B2: DASHBOARD (VISUAL VIEW ONLY)
T4: CLICK BELOW FOR MORE PREMIUM VERSION INFORMATION
T5: https://journalsheet.com/product/js500hr-%e2%97%89-employee-database-manager

Sheet About
B2: ABOUT
C5: EMPLOYEE DATABASE MANAGER
C7: Version | D7: : | E7: 2.64
C8: License | D8: : | E8: Multi User
C9: Product Info | D9: : | E9: journalsheet
C10: Support | D10: : | E10: support@journalsheet.com
C11: Copyright © | D11: : | E11: 2023 | | F11: journalsheet.com
B14: CLICK BELOW FOR MORE PREMIUM VERSION INFORMATION
B15: https://journalsheet.com/product/js500hr-%e2%97%89-employee-database-manager
